 Dungeon Crawl Stone Soup version 0.21-a0-394-gdc75ea7 (webtiles) character file.

12558 Kavrick the Cleaver (level 12, -9/96 HPs)
             Began as a Formicid Fighter on Oct 18, 2017.
             Was an Elder of Zin.
             Mangled by a skeletal warrior
             ... wielding a +1 battleaxe of electrocution
             ... led by a skeletal warrior
              (15 damage)
             ... on level 9 of the Dungeon.
             The game lasted 00:33:07 (12993 turns).

Kavrick the Cleaver (Formicid Fighter)             Turns: 12993, Time: 00:33:08

Health: -9/96      AC: 17    Str: 34    XL:     12   Next: 21%
Magic:  18/18      EV:  8    Int:  8    God:    Zin [****..]
Gold:   148        SH: 13    Dex: 10    Spells: 11/11 levels left

rFire    . . .     SeeInvis +   a - +1 war axe
rCold    . . .     Gourm    .   c - +1 shield
rNeg     . . .     Faith    .   H - +3 plate armour of the Hall of Blades {Str+3}
rPois    .         Spirit   .   (helmet unavailable)
rElec    .         Reflect  .   (no cloak)
rCorr    .         Harm     .   (no gloves)
MR       +....                  (no boots)
Stlth    ..........             (no amulet)
HPRegen  0.26/turn              (no ring)
MPRegen  0.16/turn              (no ring)

@: mighty
A: permanent stasis, dig shafts and tunnels, four strong arms, antennae 3
a: Dig, Shaft Self, Recite, Vitalisation, Imprison, Donate Gold, Renounce
Religion


You were on level 9 of the Dungeon.
You worshipped Zin.
Zin was greatly pleased with you.
You were not hungry.

You visited 1 branch of the dungeon, and saw 10 of its levels.
You also visited: Sewer.

You collected 389 gold pieces.
You donated 241 gold pieces to Zin.

Inventory:

Hand Weapons
 a - a +1 war axe (weapon)
Armour
 c - a +1 shield (worn)
 e - a +0 chain mail
 H - the +3 plate armour of the Hall of Blades (worn) {Str+3}
   (You found it on level 7 of the Dungeon)

   It affects your strength (+3).
Jewellery
 r - a +4 ring of evasion {unknown}
Wands
 o - a wand of disintegration (10/24)
 s - a wand of lightning (7/15)
 G - a wand of confusion (20/48)
 M - a wand of enslavement (16/24)
Scrolls
 b - 2 scrolls of fear
 g - 2 scrolls of enchant armour
 m - 3 scrolls of magic mapping
 p - 2 scrolls of recharging
 q - 4 scrolls of remove curse
 w - 3 scrolls of fog
 x - 5 scrolls of teleportation
 J - 3 scrolls of identify
Potions
 d - 3 potions of might
 h - a potion of ambrosia {unknown}
 i - 2 potions of resistance {unknown}
 j - 2 potions of degeneration {unknown}
 k - a potion of mutation {unknown}
 u - a potion of berserk rage {unknown}
 z - a potion of cancellation {unknown}
 A - a potion of magic {unknown}
 B - 3 potions of brilliance
 C - a potion of agility {unknown}
 D - a potion of invisibility
 E - 2 potions of flight
 K - a potion of experience {unknown}
Books
 v - a book of Changes

   Spells                             Type                      Level
   a - Beastly Appendage              Transmutation                1
   b - Sticks to Snakes               Transmutation                2
   c - Spider Form                    Transmutation/Poison         3
   d - Ice Form                       Ice/Transmutation            4
   e - Blade Hands                    Transmutation                5
 y - a book of Callings

   Spells                             Type                      Level
   a - Summon Small Mammal            Summoning                    1
   b - Call Imp                       Summoning                    2
   c - Call Canine Familiar           Summoning                    3
   d - Summon Guardian Golem          Hexes/Summoning              3
   e - Summon Lightning Spire         Summoning/Air                4
   f - Summon Ice Beast               Ice/Summoning                4
 F - a book of Debilitation

   Spells                             Type                      Level
   a - Corona                         Hexes                        1
   b - Slow                           Hexes                        2
   c - Inner Flame                    Hexes/Fire                   3
   d - Portal Projectile              Hexes/Translocation          3
   e - Cause Fear                     Hexes                        4
   f - Leda's Liquefaction            Hexes/Earth                  4
 L - a book of Necromancy

   Spells                             Type                      Level
   a - Pain                           Necromancy                   1
   b - Animate Skeleton               Necromancy                   1
   c - Vampiric Draining              Necromancy                   3
   d - Regeneration                   Charms/Necromancy            3
   e - Animate Dead                   Necromancy                   4
   f - Control Undead                 Necromancy                   4
   Zin disapproves of the use of such an item.
Comestibles
 f - 6 bread rations
 l - 3 royal jellies
 n - 5 fruits
 t - 8 meat rations


   Skills:
 + Level 9.6 Fighting
 * Level 11.3 Axes
 + Level 9.6 Armour
 - Level 9.0 Shields
 - Level 8.0 Invocations


You had 11 spell levels left.
You didn't know any spells.

Dungeon Overview and Level Annotations

Branches:
Dungeon (10/15)            Temple (0/1) D:4
   Lair: D:8-11         Orc: D:9-12

Altars:
Ashenzari
Dithmenos
Elyvilon
Fedhas
Gozag
Hepliaklqana
Kikubaaqudgha
Makhleb
Ru
Sif Muna
Wu Jian
Xom
Yredelemnul
Zin
The Shining One

Annotations:
D:2 Sigmund
D:7 exclusion: door


Innate Abilities, Weirdness & Mutations

You cannot be hasted, slowed, berserked, paralysed or teleported.
You can dig through walls and to a lower floor.
Your four strong arms can wield two-handed weapons with a shield.
You have a pair of large antennae on your head. (SInv)


Message History

The skeletal warrior is heavily damaged.
You slash the skeletal warrior!
The skeletal warrior is heavily damaged.
The skeletal warrior hits you with a battleaxe of electrocution!
* * * LOW HITPOINT WARNING * * *
Okay, then.
You feel very mighty all of a sudden. The skeletal warrior barely misses you.
You hit the skeletal warrior but do no damage.
The skeletal warrior is heavily damaged.
The skeletal warrior hits you with a battleaxe of electrocution.
* * * LOW HITPOINT WARNING * * *
You are electrocuted!
* * * LOW HITPOINT WARNING * * *
You hit the skeletal warrior but do no damage.
The skeletal warrior is heavily damaged.
You hit the skeletal warrior.
The skeletal warrior is heavily damaged.
The skeletal warrior hits you with a battleaxe of electrocution!
You die...

#.#.##..................≈.
#.#.##.##...............≈#
#...##..#..............#≈#
##..###..#.....##......#≈#
##.####........######..≈#
#..####.....#'### ##.≈.
#....#......'_'.## ##≈.
#.##........#'#..######.
#.##...@.......#....##..
#..#..z..........[...#..
#..#........##.####..#.#
#..##..)....##...#.>....
###..##..#....####......(#
#....##.......###...##....
#.##.##.##........####....
#.##.......#...####.......
#.##.#....................


You could see a skeletal warrior.

Vanquished Creatures
  Erica (D:9)
  2 two-headed ogres
  A skeletal warrior (D:10)
  Pikel (D:6)
  Psyche (D:8)
  Joseph (D:7)
  2 kobold demonologists
  3 trolls
  Prince Ribbit (D:6)
  4 hippogriffs
  A wyvern (D:9)
  3 yaks
  A wraith (D:10)
  A hungry ghost (D:9)
  A water moccasin (D:6)
  6 orc warriors
  An ice beast (D:10)
  A hornet zombie (D:10)
  5 ogres
  2 phantoms
  4 centaurs
  The ghost of Kavrick the Insei, an amateur OpTm (D:3)
  A crocodile (D:9)
  3 big kobolds
  7 bullfrogs
  A gnoll sergeant (D:5)
  3 scorpions
  19 killer bees
  7 wights
  3 howler monkeys
  4 crimson imps
  2 centaur zombies
  2 centaur skeletons (D:9)
  5 hounds
  5 jellies
  3 gnoll shamans
  4 orc priests
  6 orc wizards
  3 bullfrog skeletons
  4 iguanas
  Natasha (thrice) (D:3)
  12 worker ants
  A killer bee zombie (D:7)
  2 howler monkey zombies
  Robin (D:3)
  21 gnolls
  13 adders
  2 howler monkey skeletons (D:4)
  A river rat (D:5)
  3 shadow imps
  2 oozes (D:1)
  An adder zombie (D:7)
  5 adder skeletons
  7 worms
  3 dart slugs (D:2)
  3 leopard geckos
  39 orcs
  12 giant cockroaches
  17 goblins
  14 hobgoblins
  17 jackals
  17 kobolds
  11 quokkas
  A ball python (D:1)
  13 bats
  6 frilled lizards
  A jackal zombie (D:5)
  3 rats
  A plant (D:6)
358 creatures vanquished.

Vanquished Creatures (others)
  2 slaves (D:6)
  An ogre (D:6)
  A bullfrog (D:6)
  A hound (D:6)
  2 orcs
  A quokka (D:6)
  7 plants (D:6)
15 creatures vanquished.

Grand Total: 373 creatures vanquished

Notes
Turn   | Place    | Note
-------+----------+-------------------------------------------
     0 | D:1      | Kavrick the Formicid Fighter began the quest for the Orb.
     0 | D:1      | Reached XP level 1. HP: 18/18 MP: 1/1
    90 | D:1      | Reached XP level 2. HP: 24/24 MP: 2/2
   260 | D:1      | Reached XP level 3. HP: 29/29 MP: 3/3
  1012 | D:2      | Reached XP level 4. HP: 21/37 MP: 4/4
  1205 | D:2      | Noticed Sigmund
  1532 | D:2      | Reached XP level 5. HP: 24/42 MP: 5/5
  1896 | D:2      | Reached skill level 3 in Axes
  2575 | D:3      | Noticed Robin
  2585 | D:3      | Killed Robin
  2668 | D:3      | Noticed Kavrick's ghost (amateur OpTm)
  2736 | D:3      | Killed Kavrick's ghost
  2736 | D:3      | Reached skill level 5 in Shields
  2736 | D:3      | Reached XP level 6. HP: 37/49 MP: 6/6
  2986 | D:3      | Found a glowing silver altar of Zin.
  3034 | D:3      | Became a worshipper of Zin the Law-Giver
  3382 | D:3      | Noticed Natasha
  3395 | D:3      | Killed Natasha
  3506 | D:3      | Noticed Natasha
  3512 | D:3      | Killed Natasha
  3658 | D:4      | Reached XP level 7. HP: 27/55 MP: 7/7
  3899 | D:4      | Found a staircase to the Ecumenical Temple.
  3981 | D:3      | Reached skill level 1 in Invocations
  4067 | D:3      | Reached skill level 4 in Axes
  4132 | D:3      | Noticed Natasha
  4139 | D:3      | Killed Natasha
  4139 | D:3      | Reached skill level 5 in Armour
  4332 | D:4      | Reached skill level 5 in Fighting
  4399 | D:4      | Reached * piety under Zin
  4671 | D:5      | Entered Level 5 of the Dungeon
  4819 | D:5      | Reached XP level 8. HP: 55/62 MP: 9/9
  4910 | D:5      | Reached skill level 5 in Axes
  5286 | D:5      | Found a glowing drain.
  5290 | Sewer    | Entered a sewer
  5763 | D:5      | Found a burning altar of Makhleb.
  5780 | D:5      | Found a basalt altar of Yredelemnul.
  5780 | D:5      | Found a shimmering altar of Xom.
  5781 | D:5      | Found an ornate altar of the Wu Jian Council.
  5787 | D:5      | Donated 52 gold pieces to Zin
  5816 | D:6      | HP: 1/63 [ogre/giant spiked club (25)]
  5820 | D:6      | Found a sacrificial altar of Ru.
  5821 | D:6      | Noticed a two-headed ogre
  6592 | D:6      | Noticed a kobold demonologist
  6615 | D:6      | Killed a kobold demonologist
  6648 | D:6      | Reached skill level 6 in Axes
  6648 | D:6      | Reached XP level 9. HP: 66/69 MP: 11/11
  6660 | D:6      | Noticed Pikel
  6709 | D:6      | Killed Pikel
  6737 | D:6      | Noticed Prince Ribbit
  6779 | D:6      | Found a shattered altar of Ashenzari.
  6781 | D:6      | Found an ancient bone altar of Kikubaaqudgha.
  6918 | D:6      | Killed Prince Ribbit
  6959 | D:6      | Reached skill level 7 in Axes
  7175 | D:7      | Donated 42 gold pieces to Zin
  7244 | D:7      | Reached skill level 5 in Invocations
  7279 | D:7      | Reached ** piety under Zin
  7513 | D:7      | Reached XP level 10. HP: 70/77 MP: 13/13
  7849 | D:7      | Found a shimmering altar of Xom.
  7849 | D:7      | Noticed Joseph
  7871 | D:7      | Killed Joseph
  7871 | D:7      | Reached skill level 8 in Axes
  7880 | D:7      | Found a glowing golden altar of the Shining One.
  7880 | D:7      | Found a blossoming altar of Fedhas.
  7883 | D:7      | Found a shimmering altar of Xom.
  7883 | D:7      | Found a shimmering altar of Xom.
  7883 | D:7      | Found a hazy altar of Hepliaklqana.
  7977 | D:7      | Found a deep blue altar of Sif Muna.
  8025 | D:7      | Got an ancient plate armour
  8036 | D:7      | Identified the +3 plate armour of the Hall of Blades {Str+3} (You found it on level 7 of the Dungeon)
  8581 | D:8      | Found an opulent altar of Gozag.
  8582 | D:8      | Noticed Psyche
  8595 | D:8      | Killed Psyche
  8699 | D:8      | Found a white marble altar of Elyvilon.
  9082 | D:8      | Noticed a two-headed ogre
  9258 | D:9      | Noticed Erica
  9282 | D:9      | Killed Erica
  9282 | D:9      | Reached skill level 9 in Axes
  9282 | D:9      | Reached XP level 11. HP: 35/86 MP: 14/16
  9617 | D:9      | Noticed a two-headed ogre
  9769 | D:8      | Killed a two-headed ogre
 10361 | D:9      | Found a shadowy altar of Dithmenos.
 10804 | D:9      | Reached *** piety under Zin
 10816 | D:9      | Reached skill level 10 in Axes
 11180 | D:9      | Noticed a soul eater
 11738 | D:9      | Killed a two-headed ogre
 12033 | D:10     | Entered Level 10 of the Dungeon
 12334 | D:10     | Donated 109 gold pieces to Zin
 12385 | D:10     | Reached XP level 12. HP: 92/95 MP: 18/18
 12394 | D:10     | Reached skill level 11 in Axes
 12417 | D:10     | Reached **** piety under Zin
 12725 | D:10     | Noticed a skeletal warrior
 12742 | D:10     | Noticed a skeletal warrior
 12745 | D:10     | Noticed a skeletal warrior
 12749 | D:10     | Killed a skeletal warrior
 12750 | D:10     | Noticed a skeletal warrior
 12993 | D:9      | Mangled by a skeletal warrior

Vault maps used:
D:1:      kilobyte_arrival_exit_the_forest, minmay_heptomino_h4
D:2:      uniq_sigmund
D:3:      zin_statuary, uniq_robin, uniq_natasha
D:4:      minmay_temple_entry_nine_rooms, first_bread
D:5:      gammafunk_temple_overflow_forgotten, gup_sewer_entry_bowl,
          minmay_misc_feat_chi, bloody_makhleb
D:6:      cheibrodos_two_vegetables, overflow_temple_1_default,
          chequers_temple_overflow_statue_of_worship, kennysheep_boxes,
          uniq_prince_ribbit1, uniq_pikel
D:7:      led_sif_book, doesnt_xom_only_xom, uniq_joseph
D:8:      grunt_gozag_statues, lemuel_crystal_altar, uniq_psyche
D:9:      cheibrodos_ideogram_h, kennysheep_mini, uniq_erica
D:10:     david_orc_4
Sewer:    sewer_fruit_machine

Skill      XL: |  1  2  3  4  5  6  7  8  9 10 11 12 |
---------------+-------------------------------------+-----
Shields        | 4 5 6 7 8 9 |  9.0
Fighting       | 4 5 6 8 9 |  9.6
Armour         | 4 5 6 7 8 9 |  9.6
Axes           | 3 4 6 7 9 10 11 | 11.3
Invocations    | 2 3 5 6 8 |  8.0

Action                   |  1- 3 |  4- 6 |  7- 9 | 10-12 || total
-------------------------+-------+-------+-------+-------++-------
Melee: War axe           |   114 |   209 |   444 |   711 ||  1478
Invok: Donate Gold       |       |       |     2 |     1 ||     3
       Recite            |       |       |     1 |    15 ||    16
  Use: Scroll            |       |       |    13 |     2 ||    15
       Potion            |       |       |       |     6 ||     6
 Stab: Paralysed         |       |       |       |     2 ||     2
       Confused          |       |       |       |     2 ||     2
       Invisible         |       |       |       |     3 ||     3
  Eat: Chunk             |     1 |     7 |     6 |    12 ||    26
       Bread ration      |       |       |     2 |     2 ||     4
Armor: Scale mail        |     8 |       |       |       ||     8
       Chain mail        |    66 |    95 |   201 |    15 ||   377
       Plate armour      |       |       |       |   364 ||   364
Dodge: Dodged            |    35 |    59 |   134 |   197 ||   425
Block: Shield            |    68 |   116 |   295 |   550 ||  1029

Table legend:
 A = Spawn XP
 B = Non-spawn XP
 C = Spawn XP percentage of total XP
 D = Spawn monster count
 E = Non-spawn monster count
 F = Spawn count percentage of total count
 G = Total turns spent on level
                    A         B        C        D         E        F      G
               +---------+---------+-------+---------+---------+-------+---------
         Total |       0 |   17941 |   0.0 |       0 |     359 |   0.0 | 12993
               +---------+---------+-------+---------+---------+-------+---------
           D:1 |       0 |      42 |   0.0 |       0 |      20 |   0.0 |  1185
           D:2 |       0 |     159 |   0.0 |       0 |      31 |   0.0 |   954
           D:3 |       0 |     425 |   0.0 |       0 |      49 |   0.0 |  1765
           D:4 |       0 |     255 |   0.0 |       0 |      18 |   0.0 |   767
           D:5 |       0 |     485 |   0.0 |       0 |      22 |   0.0 |  1359
           D:6 |       0 |    1665 |   0.0 |       0 |      12 |   0.0 |   793
           D:7 |       0 |    1646 |   0.0 |       0 |      29 |   0.0 |   878
           D:8 |       0 |    4560 |   0.0 |       0 |      59 |   0.0 |  2522
           D:9 |       0 |    4998 |   0.0 |       0 |      40 |   0.0 |  1613
          D:10 |       0 |    3667 |   0.0 |       0 |      62 |   0.0 |   814
         Sewer |       0 |      39 |   0.0 |       0 |      17 |   0.0 |   343
               +---------+---------+-------+---------+---------+-------+---------
